AoeStats
← rosssmith95

Golden Pit

509990109Analyzed
1v1 RM · 4d ago on Sep 28, 2026· 34m 29s· 2 players
Game mode
Random Map
Map size
Tiny (2 player)
Population
200
Speed
Normal
Resources
Standard
Victory
Conquest
Starting age
Dark Age
Ending age
Imperial Age
RankedLock teamsTeams togetherTeam positionsShared explorationLock speedFull tech treeHidden civsTurbo modeCheats
Victory
Defeat
🇨🇦 Spanish · Canada
1125
+16
🇳🇴 Japanese · Norway
1120
-16
▬ι ﺤ | s_ry1
10:02 Loom
11:56 Feudal Age
12:43 Double-Bit Axe
12:40 Horse Collar
12:54 Gold Mining
12:55 Stone Mining
13:43 Wheelbarrow
18:36 Castle Age
28:42 Padded Archer Armor
29:35 Ballistics
30:15 Leather Archer Armor
29:51 Fletching
31:35 Elite Skirmisher
rosssmith95
5:06 Loom
11:35 Feudal Age
16:27 Castle Age
16:29 Scale Barding Armor
17:42 Forging
25:32 Double-Bit Axe
32:31 Imperial Age
Connection lost

Rejoining the realm…

Still unreachable

The connection could not be restored.

Session expired

The server has moved on; the page needs a fresh start.